 Dungeon Crawl Stone Soup version 0.21-a0-426-g98080a9 (webtiles) character file.

89 mastercheaf21 the Sneak (level 4, 0/29 HPs)
             Began as an Octopode Assassin on Nov 7, 2017.
             Slain by an orc wizard
             ... wielding a +0 dagger
              (5 damage)
             ... on level 3 of the Dungeon.
             The game lasted 00:05:56 (2400 turns).

mastercheaf21 the Sneak (Octopode Assassin)         Turns: 2400, Time: 00:05:57

Health: 0/29       AC:  1    Str: 10    XL:     4   Next: 55%
Magic:  4/4        EV: 13    Int: 13    God:
Gold:   122        SH:  0    Dex: 14    Spells: 3/3 levels left

rFire    . . .     SeeInvis .   a - +2 dagger
rCold    . . .     Gourm    .   (no shield)
rNeg     . . .     Faith    .   (helmet restricted)
rPois    .         Spirit   .   (no amulet)
rElec    .         Reflect  .   (no ring)
rCorr    .         Harm     .   (no ring)
MR       .....                  (no ring)
Stlth    +++++.....             (no ring)
HPRegen  0.09/turn              (no ring)
MPRegen  0.09/turn              (no ring)
                                (no ring)
                                (no ring)

@: no status effects
A: almost no armour, stealthy swim, amphibious, 8 rings, constrict 8, camouflage
1, gelatinous body 1
a: no special abilities


You were on level 3 of the Dungeon.
You were not hungry.

You visited 1 branch of the dungeon, and saw 3 of its levels.

You collected 122 gold pieces.

Inventory:

Hand Weapons
 a - a +2 dagger (weapon)
 b - a +0 blowgun
Missiles
 c - 8 poisoned needles
 d - 2 curare-tipped needles
 q - 13 sling bullets
Scrolls
 e - a scroll of identify {unknown}
 j - 3 scrolls of remove curse {unknown}
 k - a scroll of amnesia {unknown}
 l - a scroll of enchant armour {unknown}
 n - 2 scrolls of recharging {unknown}
 u - 2 scrolls of blinking {unknown}
Potions
 i - a potion of heal wounds {unknown}
 o - 3 potions of might {unknown}
 p - a potion of agility {unknown}
 r - a potion of degeneration {unknown}
 s - a potion of berserk rage {unknown}
Comestibles
 f - 3 bread rations
 g - a royal jelly
 h - 5 fruits
 m - a meat ration
 t - 3 chunks of flesh


   Skills:
 - Level 2.0 Fighting
 + Level 2.7 Short Blades
 - Level 2.0 Throwing
 - Level 1.0 Dodging
 + Level 7.6 Stealth


You had 3 spell levels left.
You didn't know any spells.

Dungeon Overview and Level Annotations

Branches:
Dungeon (3/15)

Altars:
Okawaru
Ru


Innate Abilities, Weirdness & Mutations

You cannot wear most types of armour.
You are very stealthy in the water. (Stealth+)
You are amphibious.
You can wear up to eight rings at the same time.
You can use your tentacles to constrict eight enemies at once.
Your skin changes colour to match your surroundings (Stealth+).
Your rubbery body absorbs attacks. (AC +1, EV +1)


Message History

You constrict the orc.
The orc wizard gestures wildly while chanting.
The orc wizard flickers and vanishes!
Deactivating autopickup; reactivate with Ctrl-A.
The orc hits you with a war axe.
Unknown command.
You barely miss the orc. You squeeze the orc.
You kill the orc!
You hit something. Your squeeze misses something. Something hits you.
You miss something. Something hits you. Something hits you but does no damage.
You miss something. You squeeze something.
You hear some strange, mumbled words.
A puff of frost appears from out of thin air!
The puff of frost misses you.
You closely miss something. You completely miss something.
Your squeeze misses something. Something hits you. x2
* * * LOW HITPOINT WARNING * * *
You closely miss something. Something hits you.
You die...

#........# #.......$# #.#
#........# #.###
.##........# #.#..
oo...K.....# #.#.#
#..$.....# #.#.#
K##........# #.#.#
.......†.########.#.#######
(.......?Ko{@.._†..........
#################.#.#######
............[#
####..#.####.# #..#.# #.#
#..#.# #.## ...#.# #..#
#####.# ##.## ..# ###..##


You could see an orc and a kobold.

Vanquished Creatures
  An orc priest (D:3)
  2 adders
  An ooze (D:2)
  2 dart slugs
  An orc (D:3)
  3 bats (D:1)
  2 giant cockroaches
  5 goblins
  A hobgoblin (D:1)
  4 frilled lizards
  9 kobolds
  6 rats
37 creatures vanquished.

Notes
Turn   | Place    | Note
-------+----------+-------------------------------------------
     0 | D:1      | mastercheaf21 the Octopode Assassin began the quest for the Orb.
     0 | D:1      | Reached XP level 1. HP: 14/14 MP: 1/1
   187 | D:1      | Reached skill level 6 in Stealth
   187 | D:1      | Reached XP level 2. HP: 19/19 MP: 2/2
  1106 | D:2      | Found an iron altar of Okawaru.
  1246 | D:2      | Reached XP level 3. HP: 7/24 MP: 3/3
  2351 | D:3      | Found a sacrificial altar of Ru.
  2357 | D:3      | Reached skill level 7 in Stealth
  2357 | D:3      | Reached XP level 4. HP: 29/29 MP: 4/4
  2400 | D:3      | Slain by an orc wizard

Vault maps used:
D:1:      sevenhm_arrival_forest_fort_large_2, minmay_tetromino_s2
D:2:      lemuel_doored_altar, kennysheep_potato
D:3:      overflow_temple_1_default

Skill      XL: |  1  2  3 |
---------------+----------+-----
Stealth        | 6 7 |  7.6
Fighting       | |  2.0
Short Blades   | |  2.7
Throwing       | |  2.0
Dodging        | |  1.0

Action                   |  1- 3 |  4- 6 || total
-------------------------+-------+-------++-------
Melee: Dagger            |    53 |    19 ||    72
       Tentacles         |     9 |     3 ||    12
       Constrict         |    10 |     3 ||    13
 Stab: Sleeping          |    14 |       ||    14
  Eat: Chunk             |     4 |       ||     4
Armor: Skin              |     1 |       ||     1
Dodge: Dodged            |    30 |     9 ||    39

Table legend:
 A = Spawn XP
 B = Non-spawn XP
 C = Spawn XP percentage of total XP
 D = Spawn monster count
 E = Non-spawn monster count
 F = Spawn count percentage of total count
 G = Total turns spent on level
                    A         B        C        D         E        F      G
               +---------+---------+-------+---------+---------+-------+---------
         Total |       0 |     128 |   0.0 |       0 |      37 |   0.0 |  2400
               +---------+---------+-------+---------+---------+-------+---------
           D:1 |       0 |      27 |   0.0 |       0 |      18 |   0.0 |   997
           D:2 |       0 |      38 |   0.0 |       0 |      12 |   0.0 |  1170
           D:3 |       0 |      63 |   0.0 |       0 |       7 |   0.0 |   233
               +---------+---------+-------+---------+---------+-------+---------
